[Event "VI Floripa Open 2020"]
[Site "Florianopolis"]
[Date "2020.01.20"]
[Round "1.141"]
[White "Lima, Vinicius Taishun"]
[Black "Metidieri, Diogenes Galavotti"]
[Result "1-0"]
[ECO "C00"]
[WhiteElo "1658"]
[BlackElo "1245"]
[Annotator "NA"]
[PlyCount "69"]
[EventDate "2020.01.20"]
[EventType "swiss"]
[EventRounds "10"]
[EventCountry "BRA"]
[SourceTitle "playchess.com"]
[Source "ChessBase"]
[SourceQuality "1"]
[TimeControl "5400+30"]

1. e4 e6 2. d3 d5 3. Nd2 d4 4. Ngf3 Bc5 5. g3 Nc6 6. Bg2 Nf6 7. O-O O-O 8. e5 Ng4 9. Re1 f6 10. exf6 Qxf6 11. Ne4 Qe7 12. Bg5 Nf6 13. h4 h6 14. Nxf6+ gxf6 15. Bxh6 Rf7 16. Nh2 Bd7 17. Ng4 Bb4 18. Bd2 Rg7 19. Nh6+ Kf8 20. Nf5 Bxd2 21. Nxe7 Bxe1 22. Nxc6 bxc6 23. Qxe1 Rb8 24. a3 e5 25. Qa5 Rb7 26. Qc5+ Re7 27. Bxc6 Bxc6 28. Qxc6 Rb6 29. Qe4 a5 30. h5 Rf7 31. Kg2 Re6 32. Rh1 f5 33. Qd5 f4 34. Qxe6 f3+ 35. Kh3 1-0

[Event "VI Floripa Open 2020"]
[Site "Florianopolis"]
[Date "2020.01.20"]
[Round "1.142"]
[White "Fugimoto, Rafael Aoki"]
[Black "Eger, Laura Luisa"]
[Result "0-1"]
[ECO "D02"]
[WhiteElo "1232"]
[BlackElo "1656"]
[Annotator "NA"]
[PlyCount "120"]
[EventDate "2020.01.20"]
[EventType "swiss"]
[EventRounds "10"]
[EventCountry "BRA"]
[SourceTitle "playchess.com"]
[Source "ChessBase"]
[SourceQuality "1"]
[TimeControl "5400+30"]

1. d4 d5 2. Nf3 c6 3. Bf4 Nf6 4. Nbd2 Bf5 5. e3 Nbd7 6. Be2 e6 7. c3 Be7 8. h3 h6 9. O-O O-O 10. Bh2 Ne4 11. Ne5 Ndf6 12. f4 Nxd2 13. Qxd2 Ne4 14. Qd1 f6 15. Nf3 Qb6 16. Qc1 Rae8 17. Nd2 c5 18. Bf3 cxd4 19. exd4 Nd6 20. Re1 Bd8 21. Nb3 Nc4 22. Be2 Nd6 23. Qd1 Be4 24. Bd3 f5 25. Rb1 Rf6 26. Nc5 Qc7 27. Re3 Rg6 28. Rg3 Rxg3 29. Bxg3 Qf7 30. Bxe4 Nxe4 31. Nxe4 fxe4 32. Qe2 Qg6 33. Bh2 a6 34. Re1 Bc7 35. Qd2 Rf8 36. Qf2 e5 37. dxe5 Bb6 38. Re3 Bxe3 39. Qxe3 Qc6 40. Qd4 Rc8 41. Kf2 Qb5 42. Qd2 Qc4 43. a3 Rc6 44. Qe2 Rb6 45. Qc2 Qb3 46. Qxb3 Rxb3 47. e6 Rxb2+ 48. Kf1 Rb3 49. f5 Rxa3 50. Be5 Ra2 51. f6 gxf6 52. Bxf6 a5 53. e7 Kf7 54. Bg7 h5 55. h4 Kxe7 56. Bd4 a4 57. g4 hxg4 58. h5 Rh2 59. h6 Rxh6 60. Kf2 Rh3 0-1

[Event "VI Floripa Open 2020"]
[Site "Florianopolis"]
[Date "2020.01.20"]
[Round "1.143"]
[White "Da Silva, Esequiel Luis Melo"]
[Black "Usui, Gabriella Yumi"]
[Result "1-0"]
[ECO "B30"]
[WhiteElo "1651"]
[BlackElo "1227"]
[Annotator "NA"]
[PlyCount "75"]
[EventDate "2020.01.20"]
[EventType "swiss"]
[EventRounds "10"]
[EventCountry "BRA"]
[SourceTitle "playchess.com"]
[Source "ChessBase"]
[SourceQuality "1"]
[TimeControl "5400+30"]

1. e4 c5 2. d3 Nc6 3. Nf3 g6 4. c3 d5 5. Nbd2 Bg7 6. Be2 Nf6 7. O-O O-O 8. Re1 Bg4 9. h3 Bxf3 10. Bxf3 Ne5 11. Be2 dxe4 12. dxe4 Nd3 13. Bxd3 Qxd3 14. Nb3 Qxd1 15. Rxd1 b6 16. e5 Ne8 17. Bf4 e6 18. Rd7 f6 19. Re1 fxe5 20. Bxe5 Bxe5 21. Rxe5 Ng7 22. Re2 Rfd8 23. Red2 Rxd7 24. Rxd7 Kf8 25. g4 h5 26. Nd2 hxg4 27. hxg4 Ne8 28. Ne4 Ng7 29. f4 a5 30. a4 Rb8 31. c4 Ne8 32. Kf2 Ng7 33. Kg3 Re8 34. Nd6 Rb8 35. Kh4 Kg8 36. Kg5 Kh7 37. Ne4 Kh8 38. Kxg6 1-0

[Event "VI Floripa Open 2020"]
[Site "Florianopolis"]
[Date "2020.01.20"]
[Round "1.144"]
[White "Brand, Oliver"]
[Black "Da Silva Junior, Marco Aurelio"]
[Result "0-1"]
[ECO "B23"]
[WhiteElo "1224"]
[BlackElo "1651"]
[Annotator "NA"]
[PlyCount "28"]
[EventDate "2020.01.20"]
[EventType "swiss"]
[EventRounds "10"]
[EventCountry "BRA"]
[SourceTitle "playchess.com"]
[Source "ChessBase"]
[SourceQuality "1"]
[TimeControl "5400+30"]

1. e4 c5 2. Nc3 Nc6 3. Bb5 e6 4. f4 Nd4 5. Ba4 a6 6. d3 b5 7. Bb3 Bb7 8. Nge2 Nxb3 9. axb3 Nf6 10. Be3 Ng4 11. Bd2 Qh4+ 12. g3 Qh3 13. f5 Qg2 14. Rg1 Qf2# 0-1

[Event "VI Floripa Open 2020"]
[Site "Florianopolis"]
[Date "2020.01.20"]
[Round "1.145"]
[White "Ferraz, Joao Vitor Koenig"]
[Black "Maia, Renata Rodrigues Alv"]
[Result "1-0"]
[ECO "D31"]
[WhiteElo "1649"]
[BlackElo "1221"]
[Annotator "NA"]
[PlyCount "82"]
[EventDate "2020.01.20"]
[EventType "swiss"]
[EventRounds "10"]
[EventCountry "BRA"]
[SourceTitle "playchess.com"]
[Source "ChessBase"]
[SourceQuality "1"]
[TimeControl "5400+30"]

1. d4 d5 2. c4 e6 3. Nc3 c6 4. Bf4 Bd6 5. Bg3 Nf6 6. e3 O-O 7. Bd3 dxc4 8. Bxc4 b5 9. Bd3 b4 10. Ne4 Nxe4 11. Bxe4 Bxg3 12. hxg3 g6 13. Qf3 Qd6 14. Rc1 Bd7 15. Qf6 Rc8 16. Nf3 Qf8 17. Ng5 Qg7 18. Nxh7 Qxf6 19. Nxf6+ Kg7 20. Nxd7 Nxd7 21. Rxc6 Nf6 22. Rxc8 Rxc8 23. Bf3 Rc2 24. a3 Rxb2 25. axb4 Rxb4 26. O-O a5 27. Ra1 a4 28. Bc6 a3 29. Kf1 Ng4 30. Bf3 Nh2+ 31. Kg1 Nxf3+ 32. gxf3 Ra4 33. Ra2 Kf6 34. Kf1 e5 35. dxe5+ Kxe5 36. Ke2 Kd5 37. Kd3 Kc5 38. Kc3 Rc4+ 39. Kb3 Rc1 40. Kxa3 Rc3+ 41. Kb2 Rc4 {Ilegivel} 1-0

[Event "VI Floripa Open 2020"]
[Site "Florianopolis"]
[Date "2020.01.20"]
[Round "1.147"]
[White "Cezar, Ricardo De Almeida"]
[Black "Do Carmo, Caroline Da Silva"]
[Result "1-0"]
[ECO "D02"]
[WhiteElo "1644"]
[BlackElo "1208"]
[Annotator "NA"]
[PlyCount "51"]
[EventDate "2020.01.20"]
[EventType "swiss"]
[EventRounds "10"]
[EventCountry "BRA"]
[SourceTitle "playchess.com"]
[Source "ChessBase"]
[SourceQuality "1"]
[TimeControl "5400+30"]

1. d4 d5 2. Bf4 Nf6 3. e3 e6 4. Nf3 c5 5. c3 Nc6 6. Nbd2 c4 7. Qc2 Be7 8. e4 dxe4 9. Nxe4 Nxe4 10. Qxe4 f5 11. Qe3 b5 12. g3 O-O 13. Bg2 Bb7 14. Qxe6+ Rf7 15. Ne5 Nxe5 16. Bxb7 Nd3+ 17. Kf1 Nc5 18. dxc5 Qd3+ 19. Kg1 Rd8 20. c6 Bc5 21. c7 Bb6 22. cxd8=Q+ Qxd8 23. Bd5 Qf8 24. Bd6 Qxd6 25. Qxf7+ Kh8 26. Qg8# 1-0

[Event "VI Floripa Open 2020"]
[Site "Florianopolis"]
[Date "2020.01.20"]
[Round "1.148"]
[White "Deobrochinski, Valentina Hinke"]
[Black "Allo Collante, Enrique"]
[Result "0-1"]
[ECO "D00"]
[WhiteElo "1191"]
[BlackElo "1641"]
[Annotator "NA"]
[PlyCount "66"]
[EventDate "2020.01.20"]
[EventType "swiss"]
[EventRounds "10"]
[EventCountry "BRA"]
[SourceTitle "playchess.com"]
[Source "ChessBase"]
[SourceQuality "1"]
[TimeControl "5400+30"]

1. d4 d5 2. e3 Nf6 3. Bd3 e6 4. f4 c5 5. c3 Bd6 6. Nf3 Nbd7 7. Nbd2 b6 8. Ne5 Bb7 9. O-O Qe7 10. Bc2 h6 11. b3 g5 12. Nxd7 Nxd7 13. Nf3 O-O-O 14. Ne5 Rdg8 15. Qh5 Rg7 16. fxg5 Bxe5 17. dxe5 Qxg5 18. Qxg5 hxg5 19. Bb2 c4 20. bxc4 dxc4 21. Rad1 Nxe5 22. Rd4 Ba6 23. Rfd1 f5 24. Ba4 Rgh7 25. h3 g4 26. R4d2 gxh3 27. Bc1 hxg2 28. Kxg2 Bb7+ 29. Kg3 Nd3 30. Rxd3 cxd3 31. Rxd3 e5 32. Bb3 Rg7+ 33. Kf2 Rg2+ 0-1

[Event "VI Floripa Open 2020"]
[Site "Florianopolis"]
[Date "2020.01.20"]
[Round "1.149"]
[White "Nobre, Jailson Altair Barbo"]
[Black "Allo Collante, Violeta"]
[Result "1-0"]
[ECO "C24"]
[WhiteElo "1638"]
[BlackElo "1189"]
[Annotator "NA"]
[PlyCount "101"]
[EventDate "2020.01.20"]
[EventType "swiss"]
[EventRounds "10"]
[EventCountry "BRA"]
[SourceTitle "playchess.com"]
[Source "ChessBase"]
[SourceQuality "1"]
[TimeControl "5400+30"]

1. e4 e5 2. Bc4 Nf6 3. d4 exd4 4. e5 Qe7 5. Qe2 Ng4 6. Qxg4 Qb4+ 7. Nd2 Nc6 8. a3 Qc5 9. Qe2 Qxe5 10. Ngf3 Qxe2+ 11. Bxe2 Bc5 12. O-O O-O 13. Bd3 d6 14. b4 Bb6 15. Nc4 Be6 16. Nxb6 axb6 17. Bb2 Ne5 18. Nxd4 Nxd3 19. cxd3 c5 20. Nxe6 fxe6 21. Rae1 Rfe8 22. Re3 cxb4 23. axb4 Ra2 24. Bd4 b5 25. f4 Ra4 26. Bb2 Rxb4 27. Ba3 Rd4 28. f5 e5 29. Rg3 b4 30. Bb2 Rf4 31. Rxf4 exf4 32. Rxg7+ Kf8 33. Rxb7 Re3 34. Rxb4 f3 35. gxf3 Rxd3 36. Rd4 Rxf3 37. Rxd6 Rxf5 38. Rf6+ Rxf6 39. Bxf6 Kf7 40. Bd4 Kg6 41. Kg2 Kh6 42. Kg3 Kh5 43. Be3 Kg6 44. Kg4 Kf6 45. Kh5 Kf5 46. Bg5 Ke4 47. Kh6 Kf3 48. h4 Kg4 49. Kxh7 Kh5 50. Kg7 Kg4 51. Kg6 1-0

[Event "VI Floripa Open 2020"]
[Site "Florianopolis"]
[Date "2020.01.20"]
[Round "1.150"]
[White "Sarda, Joao Sada"]
[Black "Goetten Wagner, Julia"]
[Result "0-1"]
[ECO "A14"]
[WhiteElo "1184"]
[BlackElo "1638"]
[Annotator "NA"]
[PlyCount "116"]
[EventDate "2020.01.20"]
[EventType "swiss"]
[EventRounds "10"]
[EventCountry "BRA"]
[SourceTitle "playchess.com"]
[Source "ChessBase"]
[SourceQuality "1"]
[TimeControl "5400+30"]

1. Nf3 Nf6 2. g3 d5 3. Bg2 c5 4. O-O Nc6 5. d3 e6 6. Nbd2 Be7 7. c4 O-O 8. a3 Qc7 9. b3 b6 10. Bb2 Bb7 11. Qc2 Rad8 12. e4 d4 13. Rfe1 a5 14. e5 Nd7 15. Ne4 Ncxe5 16. Nxe5 Nxe5 17. Qe2 Nd7 18. Bc1 Nf6 19. Nxf6+ Bxf6 20. Bxb7 Qxb7 21. Qg4 Rfe8 22. Bh6 Kh8 23. Bg5 Bxg5 24. Qxg5 f6 25. Qf4 e5 26. Qh4 Qf3 27. Qe4 Qxe4 28. Rxe4 f5 29. Re2 e4 30. dxe4 d3 31. Rd2 fxe4 32. Re1 Rd7 33. Rb1 Kg8 34. b4 cxb4 35. axb4 axb4 36. Rxb4 Rc7 37. Kg2 Rc6 38. h4 Rf6 39. Kg1 Rxf2 40. Rxf2 e3 41. Kf1 exf2 42. Kxf2 Re2+ 43. Kf1 Rc2 44. Ke1 Kf7 45. g4 h6 46. h5 Rg2 47. Kd1 Rxg4 48. Kd2 Rd4 49. Kd1 Rd6 50. Kd2 Kf6 51. Rb3 g6 52. hxg6 Kxg6 53. Rb5 h5 54. Rd5 Rxd5 55. cxd5 Kf6 56. Kxd3 Ke5 57. Kc4 h4 58. Kb5 Kxd5 0-1

[Event "VI Floripa Open 2020"]
[Site "Florianopolis"]
[Date "2020.01.20"]
[Round "1.151"]
[White "Nobre, Jose Adalberto Barbo"]
[Black "Purim, Kaiane"]
[Result "1-0"]
[ECO "B23"]
[WhiteElo "1632"]
[BlackElo "1181"]
[Annotator "NA"]
[PlyCount "93"]
[EventDate "2020.01.20"]
[EventType "swiss"]
[EventRounds "10"]
[EventCountry "BRA"]
[SourceTitle "playchess.com"]
[Source "ChessBase"]
[SourceQuality "1"]
[TimeControl "5400+30"]

1. e4 c5 2. Nc3 g6 3. f4 Bg7 4. Nf3 e6 5. Bc4 Ne7 6. O-O Nbc6 7. d3 b6 8. e5 O-O 9. Ne4 Nf5 10. c3 f6 11. exf6 d5 12. fxg7 Kxg7 13. Bb5 Bb7 14. Neg5 Qd7 15. Ne5 Qe8 16. Re1 Rc8 17. Nxc6 Rf6 18. Nxa7 Qe7 19. Nxc8 Bxc8 20. Qe2 h6 21. Nf3 Qd6 22. Bd2 d4 23. Qe5 Qe7 24. g4 Nd6 25. g5 Nxb5 26. gxf6+ Qxf6 27. Qb8 Qd8 28. Qxb6 Qxb6 29. c4 Nd6 30. b3 Qc6 31. Ne5 Qc7 32. Kf2 Nf7 33. Nxf7 Kxf7 34. Re5 Qe7 35. Kg3 Qd6 36. Rae1 Qc6 37. Bc1 Bb7 38. R1e4 Bc8 39. Ba3 Qa6 40. Rxc5 Bb7 41. Rc7+ Kf6 42. Be7+ Kf7 43. Bd6+ Ke8 44. Rxe6+ Kd8 45. Rxg6 Bc6 46. Rxc6 Qxc6 47. Be7+ 1-0

[Event "VI Floripa Open 2020"]
[Site "Florianopolis"]
[Date "2020.01.20"]
[Round "1.152"]
[White "Amorin, Gabriel Ferrante"]
[Black "Tasoko, Toshinobu"]
[Result "0-1"]
[ECO "C41"]
[WhiteElo "1180"]
[BlackElo "1630"]
[Annotator "NA"]
[PlyCount "58"]
[EventDate "2020.01.20"]
[EventType "swiss"]
[EventRounds "10"]
[EventCountry "BRA"]
[SourceTitle "playchess.com"]
[Source "ChessBase"]
[SourceQuality "1"]
[TimeControl "5400+30"]

1. e4 e5 2. Nf3 d6 3. d4 f5 4. Nc3 fxe4 5. Nxe4 exd4 6. Nxd4 Nf6 7. Bg5 Be7 8. Nxf6+ Bxf6 9. Be3 O-O 10. Qd2 Nc6 11. O-O-O Bd7 12. Bc4+ Kh8 13. Kb1 a5 14. Rhg1 Ne7 15. g4 d5 16. Bd3 c5 17. Nf5 g6 18. Nxe7 Qxe7 19. g5 Bg7 20. Rge1 Qd6 21. f3 d4 22. Bg1 b5 23. Bf1 Bc6 24. Bg2 Bxf3 25. Bxf3 Rxf3 26. Qg2 Raf8 27. Re8 Qf4 28. Rde1 Qf7 29. R8e7 Qxe7 0-1

[Event "VI Floripa Open 2020"]
[Site "Florianopolis"]
[Date "2020.01.20"]
[Round "1.153"]
[White "Dummer, Micael Schwenske"]
[Black "Feller, Isadora Cristina Vic"]
[Result "0-1"]
[ECO "C30"]
[WhiteElo "1629"]
[BlackElo "1177"]
[Annotator "NA"]
[PlyCount "78"]
[EventDate "2020.01.20"]
[EventType "swiss"]
[EventRounds "10"]
[EventCountry "BRA"]
[SourceTitle "playchess.com"]
[Source "ChessBase"]
[SourceQuality "1"]
[TimeControl "5400+30"]

1. e4 e5 2. f4 Nc6 3. Nf3 d6 4. Bc4 Be7 5. O-O Nf6 6. d3 Bg4 7. c3 O-O 8. h3 Bxf3 9. Qxf3 Qd7 10. Be3 Rad8 11. Nd2 d5 12. Bb5 exf4 13. Bxf4 Bc5+ 14. d4 Nxd4 15. cxd4 Bxd4+ 16. Be3 Bxe3+ 17. Qxe3 Qxb5 18. Qg5 Qxb2 19. Rab1 Qd4+ 20. Kh1 dxe4 21. Nb3 Qd6 22. Nc5 h6 23. Qc1 Qe5 24. Rxb7 a5 25. Qa3 Rd5 26. Na4 Rd3 27. Qc1 Rd4 28. Nb2 Rb4 29. Nc4 Qc5 30. Rxb4 axb4 31. Qc2 Rd8 32. Qc1 Qg5 33. Rd1 Rxd1+ 34. Qxd1 Qd5 35. Qc2 Qd3 36. Qc1 Qc3 37. Qf1 Nh5 38. Qd1 Qxc4 39. Qxh5 e3 0-1

[Event "VI Floripa Open 2020"]
[Site "Florianopolis"]
[Date "2020.01.20"]
[Round "1.154"]
[White "Almeida, Bianca Martins"]
[Black "Teramoto, Anderson"]
[Result "1/2-1/2"]
[ECO "A00"]
[WhiteElo "1175"]
[BlackElo "1624"]
[Annotator "NA"]
[PlyCount "129"]
[EventDate "2020.01.20"]
[EventType "swiss"]
[EventRounds "10"]
[EventCountry "BRA"]
[SourceTitle "playchess.com"]
[Source "ChessBase"]
[SourceQuality "1"]
[TimeControl "5400+30"]

1. e4 g6 2. Nf3 Bg7 3. d4 d6 4. Bd2 Nf6 5. Nc3 O-O 6. d5 c6 7. Be3 Qa5 8. Qd2 Ng4 9. Bg5 Bh6 10. Be3 Nxe3 11. fxe3 Qb6 12. Nd1 Nd7 13. Bd3 Nf6 14. h3 cxd5 15. e5 dxe5 16. Nxe5 d4 17. Nc4 Qe6 18. Kf2 Nd5 19. Qe2 dxe3+ 20. Ndxe3 Nxe3 21. Nxe3 Qf6+ 22. Qf3 Bxe3+ 23. Kxe3 Qxb2 24. h4 h5 25. Rhf1 Qe5+ 26. Kd2 Qa5+ 27. c3 Qb6 28. Rab1 Qc6 29. Be4 Qd6+ 30. Kc2 Bg4 31. Qf4 Qxf4 32. Rxf4 Rab8 33. Rxb7 Rxb7 34. Bxb7 Bf5+ 35. Be4 Be6 36. a3 Rc8 37. Bd3 Rc7 38. Be2 Kg7 39. c4 Bf5+ 40. Kc3 Kf6 41. Bd3 Ke5 42. g3 e6 43. Bxf5 exf5 44. Kb4 f6 45. c5 Kd5 46. Rc4 Kc6 47. Rd4 a5+ 48. Kc4 Re7 49. Rd6+ Kc7 50. Rxf6 Re3 51. Rxg6 Rxa3 52. Kb5 Rb3+ 53. Kxa5 Rb1 54. Rb6 Rg1 55. Rb3 Kc6 56. Kb4 Rf1 57. Rc3 f4 58. gxf4 Rxf4+ 59. Rc4 Rf5 60. Kc3 Rxc5 61. Kd4 Rxc4+ 62. Kxc4 Kd6 63. Kd4 Ke6 64. Ke4 Kf6 65. Kf4 1/2-1/2

[Event "VI Floripa Open 2020"]
[Site "Florianopolis"]
[Date "2020.01.20"]
[Round "1.155"]
[White "Bocca, Edson Ricardo"]
[Black "Rahn, Marlon Cristiano"]
[Result "1-0"]
[ECO "A00"]
[WhiteElo "1620"]
[BlackElo "1174"]
[Annotator "NA"]
[PlyCount "61"]
[EventDate "2020.01.20"]
[EventType "swiss"]
[EventRounds "10"]
[EventCountry "BRA"]
[SourceTitle "playchess.com"]
[Source "ChessBase"]
[SourceQuality "1"]
[TimeControl "5400+30"]

1. e4 c5 2. Nf3 Nc6 3. Bc4 e6 4. O-O d6 5. Re1 Nf6 6. Nc3 Be7 7. d3 a6 8. a4 O-O 9. Bg5 Nb4 10. Ne2 d5 11. exd5 exd5 12. Bb3 Bg4 13. Ne5 h6 14. Bd2 Bd6 15. Nxg4 Nxg4 16. Ng3 Nf6 17. Bxb4 cxb4 18. Qf3 Qa5 19. Nf5 Qc7 20. Nxh6+ gxh6 21. Qxf6 Bxh2+ 22. Kh1 Bf4 23. g3 Bg5 24. Qf5 d4 25. Re4 Rae8 26. Rae1 Rxe4 27. Rxe4 Qc6 28. Kh2 Bc1 29. Rg4+ Kh8 30. Bd5 Qxc2 31. Be4 1-0

[Event "VI Floripa Open 2020"]
[Site "Florianopolis"]
[Date "2020.01.20"]
[Round "1.156"]
[White "Thurow, Jennifer"]
[Black "Neitzel, Jonatan"]
[Result "0-1"]
[ECO "A36"]
[WhiteElo "1164"]
[BlackElo "1619"]
[Annotator "NA"]
[PlyCount "76"]
[EventDate "2020.01.20"]
[EventType "swiss"]
[EventRounds "10"]
[EventCountry "BRA"]
[SourceTitle "playchess.com"]
[Source "ChessBase"]
[SourceQuality "1"]
[TimeControl "5400+30"]

1. c4 c5 2. g3 Nc6 3. Bg2 g6 4. e3 Bg7 5. Ne2 Nf6 6. Nbc3 O-O 7. O-O d6 8. d3 a6 9. a4 Qc7 10. b3 Rb8 11. Bb2 e6 12. f4 b6 13. Rb1 Bb7 14. Re1 Nb4 15. e4 Ng4 16. Qd2 f5 17. Bh3 Nf6 18. Nc1 Nc6 19. Ba1 Nd4 20. Rf1 fxe4 21. dxe4 Nxe4 22. Nxe4 Bxe4 23. Nd3 Rbe8 24. Bg4 Qb7 25. Qd1 Nf5 26. Qe2 Nd4 27. Qd1 Bf5 28. Rf2 Qe4 29. Bxf5 exf5 30. Rf1 Ne2+ 31. Kf2 Nc3 32. Qe1 Bd4+ 33. Qe3 Bxe3+ 34. Ke1 Bxf4+ 35. Kf2 Be3+ 36. Ke1 Bd4+ 37. Kd2 Qe2+ 38. Kc1 Be3# 0-1

[Event "VI Floripa Open 2020"]
[Site "Florianopolis"]
[Date "2020.01.20"]
[Round "1.157"]
[White "Caldas, Raphael C B R Leitao"]
[Black "Moreira, Carolina Ziemer Vila"]
[Result "0-1"]
[ECO "B28"]
[WhiteElo "1612"]
[BlackElo "1152"]
[Annotator "NA"]
[PlyCount "92"]
[EventDate "2020.01.20"]
[EventType "swiss"]
[EventRounds "10"]
[EventCountry "BRA"]
[SourceTitle "playchess.com"]
[Source "ChessBase"]
[SourceQuality "1"]
[TimeControl "5400+30"]

1. e4 c5 2. Nf3 a6 3. c3 g6 4. d4 cxd4 5. cxd4 d5 6. e5 Bg4 7. Be3 Bg7 8. Be2 e6 9. a4 Ne7 10. h3 Bxf3 11. Bxf3 Nbc6 12. g4 O-O 13. Nc3 Qb6 14. Ra3 f6 15. exf6 Bxf6 16. Ne2 Bg7 17. Bg2 Rae8 18. h4 Bf6 19. h5 g5 20. h6 Na5 21. Qc1 Nb3 22. Rxb3 Qxb3 23. Bxg5 Qxa4 24. Bxf6 Rxf6 25. g5 Rff8 26. Bh3 Nf5 27. g6 Nxd4 28. Qc7 Qb4+ 29. Kf1 Qe7 30. gxh7+ Kxh7 31. Qxe7+ Rxe7 32. Nxd4 e5 33. Ne2 Ref7 34. Rh2 Rf6 35. Bg4 Rb6 36. Ng3 Rxb2 37. Nf5 a5 38. Ne7 a4 39. Bf5+ Rxf5 40. Nxf5 a3 41. Rg2 a2 42. Rg7+ Kh8 43. Nd6 a1=Q+ 44. Kg2 Rxf2+ 45. Kxf2 Qb2+ 46. Kg3 Qa3+ 0-1

[Event "VI Floripa Open 2020"]
[Site "Florianopolis"]
[Date "2020.01.20"]
[Round "1.158"]
[White "De Carvalho, Amauri"]
[Black "Do Amaral e Silva, Larissa Blue"]
[Result "0-1"]
[ECO "D00"]
[WhiteElo "1144"]
[BlackElo "1610"]
[Annotator "NA"]
[PlyCount "62"]
[EventDate "2020.01.20"]
[EventType "swiss"]
[EventRounds "10"]
[EventCountry "BRA"]
[SourceTitle "playchess.com"]
[Source "ChessBase"]
[SourceQuality "1"]
[TimeControl "5400+30"]

1. d4 d5 2. Bf4 Nf6 3. e3 e6 4. Be2 Bb4+ 5. c3 Bd6 6. Bg3 O-O 7. Nf3 Ne4 8. Bxd6 Qxd6 9. Nbd2 f6 10. Nxe4 dxe4 11. Nd2 f5 12. Nc4 Qe7 13. f4 Nd7 14. O-O a6 15. a4 c5 16. Qc2 b6 17. Rfd1 cxd4 18. cxd4 Bb7 19. Qb1 Rf6 20. b4 Rh6 21. g3 g5 22. Rf1 Bd5 23. b5 a5 24. Qb2 Kh8 25. Qa3 Qg7 26. Rf2 Rg8 27. Raf1 gxf4 28. Rxf4 Rxh2 29. g4 Qh6 30. Qd6 Rh1+ 31. Kf2 Qh4+ 0-1

[Event "VI Floripa Open 2020"]
[Site "Florianopolis"]
[Date "2020.01.20"]
[Round "1.159"]
[White "Colaco, Willian Wagner Soare"]
[Black "Kim, Andre"]
[Result "1-0"]
[ECO "D03"]
[WhiteElo "1606"]
[BlackElo "1121"]
[Annotator "NA"]
[PlyCount "33"]
[EventDate "2020.01.20"]
[EventType "swiss"]
[EventRounds "10"]
[EventCountry "BRA"]
[SourceTitle "playchess.com"]
[Source "ChessBase"]
[SourceQuality "1"]
[TimeControl "5400+30"]

1. d4 d5 2. Nf3 Nf6 3. Bg5 e6 4. e3 Nc6 5. Ne5 Bd7 6. Nd2 Be7 7. a3 a6 8. Be2 h6 9. Bh4 O-O 10. O-O Re8 11. Bd3 Kf8 12. f4 Qc8 13. Qf3 Kg8 14. h3 Nxe5 15. fxe5 Nh7 16. Qxf7+ Kh8 17. Qg6 1-0

[Event "VI Floripa Open 2020"]
[Site "Florianopolis"]
[Date "2020.01.20"]
[Round "1.160"]
[White "De Oliveira, Nicolas Fabiane"]
[Black "Borges, Luis Henrique Rosa"]
[Result "0-1"]
[ECO "D06"]
[WhiteElo "1113"]
[BlackElo "1603"]
[Annotator "NA"]
[PlyCount "92"]
[EventDate "2020.01.20"]
[EventType "swiss"]
[EventRounds "10"]
[EventCountry "BRA"]
[SourceTitle "playchess.com"]
[Source "ChessBase"]
[SourceQuality "1"]
[TimeControl "5400+30"]

1. d4 Nf6 2. c4 d5 3. cxd5 Qxd5 4. Nc3 Qa5 5. Bd2 Bd7 6. Nf3 e6 7. a3 Qf5 8. g3 Nc6 9. Bg2 Ne4 10. Nxe4 Qxe4 11. e3 Qd3 12. Bc3 Qxd1+ 13. Rxd1 O-O-O 14. O-O f6 15. d5 exd5 16. Rxd5 Be7 17. b4 Be6 18. Rxd8+ Rxd8 19. Nd4 Nxd4 20. Bxd4 b6 21. Rc1 Bd5 22. Bxd5 Rxd5 23. h4 Kd7 24. Kg2 a5 25. bxa5 Rxa5 26. Bb2 Bxa3 27. Bxa3 Rxa3 28. Rd1+ Ke7 29. Re1 Rc3 30. f4 b5 31. e4 b4 32. Kf2 c5 33. e5 f5 34. Ke2 c4 35. Kd2 Rxg3 36. Kc2 Rf3 37. Rd1 Rxf4 38. Rd6 Re4 39. Rc6 Rxe5 40. Rc7+ Kf6 41. Rxc4 Re4 42. Rxe4 fxe4 43. Kb3 e3 44. h5 e2 45. h6 e1=Q 46. hxg7 Kxg7 0-1

[Event "VI Floripa Open 2020"]
[Site "Florianopolis"]
[Date "2020.01.20"]
[Round "1.161"]
[White "Bidigaray, Marcio"]
[Black "Nunes, Nicole"]
[Result "1-0"]
[ECO "B27"]
[WhiteElo "1602"]
[BlackElo "1096"]
[Annotator "NA"]
[PlyCount "43"]
[EventDate "2020.01.20"]
[EventType "swiss"]
[EventRounds "10"]
[EventCountry "BRA"]
[SourceTitle "playchess.com"]
[Source "ChessBase"]
[SourceQuality "1"]
[TimeControl "5400+30"]

1. e4 c5 2. Nf3 g6 3. d4 cxd4 4. Qxd4 Nf6 5. e5 Nc6 6. Qa4 Nd5 7. Bc4 e6 8. Bxd5 exd5 9. Bg5 Qa5+ 10. Qxa5 Nxa5 11. Bf6 Rg8 12. a3 b6 13. Nc3 Ba6 14. Nxd5 Rc8 15. Nd4 d6 16. Ne3 dxe5 17. Bxe5 Nc4 18. Nxc4 Rxc4 19. c3 g5 20. O-O-O Rg6 21. Rhe1 Rc5 22. Bd6+ 1-0

[Event "VI Floripa Open 2020"]
[Site "Florianopolis"]
[Date "2020.01.20"]
[Round "1.162"]
[White "Ittner, Emily Caroline"]
[Black "Zampier, Alexandre"]
[Result "0-1"]
[ECO "A10"]
[WhiteElo "1087"]
[BlackElo "1597"]
[Annotator "NA"]
[PlyCount "92"]
[EventDate "2020.01.20"]
[EventType "swiss"]
[EventRounds "10"]
[EventCountry "BRA"]
[SourceTitle "playchess.com"]
[Source "ChessBase"]
[SourceQuality "1"]
[TimeControl "5400+30"]

1. c4 d5 2. cxd5 Qxd5 3. Nc3 Qa5 4. a3 c6 5. g3 Nf6 6. Bg2 Bg4 7. Nf3 e6 8. O-O Bd6 9. b4 Bxb4 10. Bb2 Be7 11. Re1 O-O 12. e4 Nbd7 13. Qc2 e5 14. Ra2 Rad8 15. a4 Rfe8 16. d4 Bxf3 17. Bxf3 exd4 18. Raa1 dxc3 19. Bxc3 Qc5 20. Qb2 Qb6 21. Qe2 Bd6 22. Rab1 Qc7 23. Qb2 Be5 24. Re2 Bxc3 25. Qxc3 Ne5 26. Bg2 Rd3 27. Qc1 Red8 28. Re1 h6 29. Rb4 R3d7 30. Qe3 Nd3 31. Rbb1 Nxe1 32. Qxe1 Qe5 33. Qe2 Rd2 34. Qe1 Qd4 35. Bf3 Qxa4 36. Kg2 Qa6 37. Qe3 Qd3 38. Qe1 b6 39. e5 Nd5 40. e6 fxe6 41. Qxe6+ Kh8 42. Be4 Qe2 43. Rf1 Ne3+ 44. Kh3 Qxf1+ 45. Kh4 Qxf2 46. Kh5 Qxh2+ 0-1

[Event "VI Floripa Open 2020"]
[Site "Florianopolis"]
[Date "2020.01.20"]
[Round "1.163"]
[White "Monteiro, Daniel Zotelli"]
[Black "Da Costa, Evelyn Maria Fuck"]
[Result "1-0"]
[ECO "A00"]
[WhiteElo "1590"]
[BlackElo "1011"]
[Annotator "NA"]
[PlyCount "75"]
[EventDate "2020.01.20"]
[EventType "swiss"]
[EventRounds "10"]
[EventCountry "BRA"]
[SourceTitle "playchess.com"]
[Source "ChessBase"]
[SourceQuality "1"]
[TimeControl "5400+30"]

1. e4 e5 2. Nf3 Nc6 3. Bc4 Nf6 4. Nc3 Bc5 5. d3 h6 6. h3 d6 7. Na4 Bb6 8. c3 Bd7 9. Nxb6 axb6 10. b4 O-O 11. Be3 Ra3 12. Qc2 Re8 13. O-O Be6 14. Bb3 Qa8 15. Qb2 d5 16. exd5 Nxd5 17. Bc1 Ra7 18. b5 Na5 19. Bc2 c6 20. c4 Nf4 21. Be3 Qd8 22. Nxe5 Ne2+ 23. Kh2 c5 24. Bd1 Nd4 25. Bxd4 cxd4 26. Nf3 Qd6+ 27. g3 Bf5 28. Qd2 Qd7 29. Ng1 Raa8 30. Bf3 Re6 31. g4 Bh7 32. Bd5 Rf6 33. f4 Qd6 34. Rf3 Nb3 35. axb3 Rxa1 36. Qb2 Qa3 37. Qxd4 Qxb3 38. Qxa1 1-0